Workbook

Sheet Conclusiones
A1: HUV | B1: no
A3: ZONA | B3: LOCAL | C3: ELEMENTO | D3: Coste | E3: ÍTEM | F3: Comentarios HUV
A4: Acceso
B5: Entrada y vestíbulo
C6: Instalación
D7: 4
E8: Sistema de control de acceso a la unidad. Medios electrónicos de vigilancia y seguridad.
F9: No tiene ningún sistema de seguridad.
B10: Estar de familiares
C11: Mobiliario
D12: 1
E13: Espacio para niños y niñas con juegos y libros. De fácil observación por los padres.
F14: No cumple.
B15: Lactancia y alimentación
C16: Equipamiento
D17: 3
E18: (Lavabo. Encimera o mueble donde colocar bolsas o botellas para la preparación de la comida)¹. (Cambiador de pañales)².
F19: Sin lavabo ni cambiador. El cambiador está en el aseo público.
E20: Iluminación indirecta graduable.
F21: Fluorescentes en el techo con difusores.
C22: Mobiliario
D23: 1
E24: Dispensador de jabón y de toallas de papel. Papelera y percha.
F25: No cumple.
B26: Vestuario familiares
C27: Distribución
D28: 5
E29: Funciona como esclusa de acceso de los familiares desde el exterior a la zona clínica. Mínimo de 1m² por cada 6 cunas o incubadoras.
F30: La unidad no tiene este local.
C31: Equipamiento
D32: 3
E33: Equipado con instalación de lavado y desinfección de las manos.
F34: No cumple.
C35: Mobiliario
D36: 1
E37: Con taquillas y elementos para guardar la ropa de calle de los familiares.
F38: No cumple.
A39: Acceso
B40: Aseo público
C41: Distribución
D42: 5
E43: (Superficie útil en torno a 4 m² por aseo)¹. (Exclusivos para cada sexo)². (Mínimo de dos)¹.
F44: Resultados de pediatría porque se comparte.
C45: Mobiliario
D46: 1
E47: Dispensador de jabón, de papel higiénico y de toallas de papel. Escobilla y papelera (preferiblemente con tapa). Espejo y percha.
F48: Falta la percha.
B49: Entrada y vestíbulo
C50: Distribución
D51: 5
E52: Superficie útil en torno a 20 m².
F53: Local compartido con la hospitalización de pediatría.
C54: Señalética
D55: 1
E56: Señal de dirección desde el punto de acceso a planta y señal de localización para identificar la unidad. Directorio a la salida del ascensor.
F57: No hay señal de localización ni directorio.
B58: Estar de familiares
C59: Distribución
D60: 5
E61: Superfície útil en torno a 30 m2.
F62: Datos de hospitalización polivalente porque eran iguales. Su superficie es inferior, en torno a los 16 m².
C63: Equipamiento
D64: 3
E65: (Fuente de agua fría y máquinas expendedoras de bebidas)¹ (y comida saludable)².
F66: Hay máquinas expendedoras de bebidas y comida saludable y no saludable junto a las escaleras. No hay fuente de agua fría.
C67: Mobiliario
D68: 1
E69: (Sillas sin ruedas)¹. (Los asientos se encuentran en buen estado, sin marcas, ralladuras u otros desperfectos)². (Los usuarios con sillas de ruedas se pueden integrar en la distribución de los asientos de la sala)³. (Mesas de estar, papelera y arte)¹.
F70: Sin mesas ni papelera.
A71: Apoyos
B72: Almacén de equipos
C73: Puerta
D74: 2
E75: Paso libre de 140 cm para el paso de equipos de grandes dimensiones (dos hojas o puertas correderas).
F76: Paso de 90 cm.
B77: Almacén de lencería
C78: Distribución
D79: 5
E80: Superficie útil en torno a 6 m2. Espacio para ubicar los carros de distribución donde se almacena el textil de la unidad. Depende de la política de almacenamiento, gestión y frecuencia de distribución de la unidad.
F81: Mide unos 10 m². El mismo espacio se utiliza para almacén de lencería, material y equipos.
B82: Almacén de material
C83: Distribución
D84: 5
E85: Superficie útil en torno a 10 m2. Espacio para carros de suministro de material fungible.
F86: Mide unos 10 m². El mismo espacio se utiliza para almacén de lencería, material y equipos.
C87: Mobiliario
D88: 1
E89: Sistema de bandejas que permitan la clasificación, reposición y control del material limpio y estéril.
F90: No cumple.
B91: Oficio de limpieza
C92: Mobiliario
D93: 1
E94: (Armarios o estanterías metálicas)¹. (El estante más bajo deja un espacio inferior libre mínimo de 300 mm (para facilitar la limpieza y evitar golpes) y el estante más alto tiene una altura igual o inferior a 2100 mm)².
F95: Armario que no se puede limpiar por debajo.
B96: Oficio sucio
C97: Equipamiento
D98: 3
E99: Lavadora y secadora para la limpieza de la ropa del neonato y sus juguetes. En este u otro local.
F100: No cumple.
A101: Circulación
...

Sheet Requisitos
A1: Nº | C1: ZONA | D1: LOCAL | E1: ELEMENTO | F1: Coste | G1: ÍTEM | H1: S | I1: E | J1: X | K1: P | L1: REFERENCIA | M1: Ptos | N1: HUV | O1: Comentarios HUV
A2: 1 | C2: Configuración unidad | E2: Distribución | F2: =IF(E2="Distribución",5,IF(E2="instalación",4,IF(E2="equipamiento",3,IF(E2="suelo",3,IF(E2="hueco",4,IF(E2="techo",2,IF(E2="puerta",2,IF(E2="pared",2,IF(E2="mobiliario",1,IF(E2="señalética",1,IF(E2="arte",1,0))))))))))) -> 5 | G2: No sirve de tráfico de paso hacia otra unidad. | H2: 1 | I2: 1 | J2: 1 | K2: 1 | L2: Unidades de neonatología, in Estándares y recomendaciones de calidad, e.e.i. Informes, Editor. 2014, Ministerio de Sanidad, Servicios Sociales e Igualdad. | M2: 1 | N2: sí
A3: =A2+1 -> 2 | C3: Configuración unidad | E3: Distribución | F3: =IF(E3="Distribución",5,IF(E3="instalación",4,IF(E3="equipamiento",3,IF(E3="suelo",3,IF(E3="hueco",4,IF(E3="techo",2,IF(E3="puerta",2,IF(E3="pared",2,IF(E3="mobiliario",1,IF(E3="señalética",1,IF(E3="arte",1,0))))))))))) -> 5 | G3: Claramente delimitada dentro del hospital. | H3: 1 | I3: 1 | J3: 1 | K3: 1 | L3: Unidades de neonatología, in Estándares y recomendaciones de calidad, e.e.i. Informes, Editor. 2014, Ministerio de Sanidad, Servicios Sociales e Igualdad. | M3: 1 | N3: sí
A4: =A3+1 -> 3 | C4: Configuración unidad | E4: Distribución | F4: =IF(E4="Distribución",5,IF(E4="instalación",4,IF(E4="equipamiento",3,IF(E4="suelo",3,IF(E4="hueco",4,IF(E4="techo",2,IF(E4="puerta",2,IF(E4="pared",2,IF(E4="mobiliario",1,IF(E4="señalética",1,IF(E4="arte",1,0))))))))))) -> 5 | G4: No está situada bajo rasante. Dispone de al menos dos sectores de un máximo de 1.500 m² construidos. Para las plantas o recintos que disponen de más de una salida de planta o salida de recinto, la longitud de los recorridos de evacuación desde su origen hasta llegar a algún punto desde el cual existan al menos dos recorridos alternativos no excede de 15 metros. Dispone de dos salidas/accesos diferenciados por razón de evacuación de los ocupantes de la unidad. | H4: 1 | I4: 0 | J4: 0 | K4: 1 | L4: Unidades de neonatología, in Estándares y recomendaciones de calidad, e.e.i. Informes, Editor. 2014, Ministerio de Sanidad, Servicios Sociales e Igualdad. | M4: 1 | N4: n.a. | O4: Ítem posterior a la evaluación.
A5: =A4+1 -> 4 | C5: Configuración unidad | E5: Distribución | F5: =IF(E5="Distribución",5,IF(E5="instalación",4,IF(E5="equipamiento",3,IF(E5="suelo",3,IF(E5="hueco",4,IF(E5="techo",2,IF(E5="puerta",2,IF(E5="pared",2,IF(E5="mobiliario",1,IF(E5="señalética",1,IF(E5="arte",1,0))))))))))) -> 5 | G5: Localizada dentro del área materno-infantil del hospital (próxima al bloque obstétrico y a la hospitalización obstétrica). Las tres unidades se encuentran en la misma planta para que el traslado urgente de pacientes, en caso necesario, se realice con rapidez e independiente de medios mecánicos. | H5: 1 | I5: 1 | J5: 0 | K5: 0 | L5: Unidades de neonatología, in Estándares y recomendaciones de calidad, e.e.i. Informes, Editor. 2014, Ministerio de Sanidad, Servicios Sociales e Igualdad. 2. Blanco Bravo, D., Niveles asistenciales y recomendaciones de mínimos para la atención neonatal. An Pediatr (Barc), 2003. Comité de Estándares y Junta Directiva de la Sociedad Española de Neonatología. | M5: 1 | N5: sí
A6: =A5+1 -> 5 | C6: Configuración unidad | E6: Distribución | F6: =IF(E6="Distribución",5,IF(E6="instalación",4,IF(E6="equipamiento",3,IF(E6="suelo",3,IF(E6="hueco",4,IF(E6="techo",2,IF(E6="puerta",2,IF(E6="pared",2,IF(E6="mobiliario",1,IF(E6="señalética",1,IF(E6="arte",1,0))))))))))) -> 5 | G6: Ubicación próxima al bloque quirúrgico de pediatría/cirugía neonatal, unidad de medicina fetal (seguimiento de embarazos de alto riesgo), unidad de pediatría y urgencias. | H6: 1 | I6: 1 | J6: 0 | K6: 0 | L6: Unidades de neonatología, in Estándares y recomendaciones de calidad, e.e.i. Informes, Editor. 2014, Ministerio de Sanidad, Servicios Sociales e Igualdad. 2. Blanco Bravo, D., Niveles asistenciales y recomendaciones de mínimos para la atención neonatal. An Pediatr (Barc), 2003. Comité de Estándares y Junta Directiva de la Sociedad Española de Neonatología. | M6: 1 | N6: sí
A7: =A6+1 -> 6 | C7: Configuración unidad | E7: Distribución | F7: =IF(E7="Distribución",5,IF(E7="instalación",4,IF(E7="equipamiento",3,IF(E7="suelo",3,IF(E7="hueco",4,IF(E7="techo",2,IF(E7="puerta",2,IF(E7="pared",2,IF(E7="mobiliario",1,IF(E7="señalética",1,IF(E7="arte",1,0))))))))))) -> 5 | G7: Conectada con la circulación externa o pública y con la circulación interna (personal, pacientes ingresados, suministros y servicios). Existen dos tipos de accesos a la unidad: uno externo para visitas de familiares y acompañantes y otro interno para pacientes encamados, personal, suministros y servicios de soporte. | H7: 1 | I7: 1 | J7: 1 | K7: 0 | L7: Unidades de neonatología, in Estándares y recomendaciones de calidad, e.e.i. Informes, Editor. 2014, Ministerio de Sanidad, Servicios Sociales e Igualdad. | M7: 1 | N7: n.a. | O7: Por la cartera de servicios del hospital.
A8: =A7+1 -> 7 | C8: Configuración unidad | E8: Distribución | F8: =IF(E8="Distribución",5,IF(E8="instalación",4,IF(E8="equipamiento",3,IF(E8="suelo",3,IF(E8="hueco",4,IF(E8="techo",2,IF(E8="puerta",2,IF(E8="pared",2,IF(E8="mobiliario",1,IF(E8="señalética",1,IF(E8="arte",1,0))))))))))) -> 5 | G8: La zona clínica de atención a los neonatos es la zona central de la unidad (en términos funcionales y físicos) y está comunicada con el resto de las zonas de la misma. | H8: 0 | I8: 1 | J8: 0 | K8: 0 | L8: Unidades de neonatología, in Estándares y recomendaciones de calidad, e.e.i. Informes, Editor. 2014, Ministerio de Sanidad, Servicios Sociales e Igualdad. | M8: 1 | N8: sí
A9: =A8+1 -> 8 | C9: Configuración unidad | E9: Distribución | F9: =IF(E9="Distribución",5,IF(E9="instalación",4,IF(E9="equipamiento",3,IF(E9="suelo",3,IF(E9="hueco",4,IF(E9="techo",2,IF(E9="puerta",2,IF(E9="pared",2,IF(E9="mobiliario",1,IF(E9="señalética",1,IF(E9="arte",1,0))))))))))) -> 5 | G9: Las proporciones de los locales son similares al cuadrado o a un rectángulo de 1:1,5. | H9: 0 | I9: 1 | J9: 0 | K9: 0 | L9: Unidades de neonatología, in Estándares y recomendaciones de calidad, e.e.i. Informes, Editor. 2014, Ministerio de Sanidad, Servicios Sociales e Igualdad. | M9: 1 | N9: sí
A10: =A9+1 -> 9 | C10: Configuración unidad | E10: Distribución | F10: =IF(E10="Distribución",5,IF(E10="instalación",4,IF(E10="equipamiento",3,IF(E10="suelo",3,IF(E10="hueco",4,IF(E10="techo",2,IF(E10="puerta",2,IF(E10="pared",2,IF(E10="mobiliario",1,IF(E10="señalética",1,IF(E10="arte",1,0))))))))))) -> 5 | G10: Existen espacios verdes en la unidad como invernaderos o atrios con vegetación. Existen zonas verdes exteriores relacionadas con la unidad y de fácil acceso desde la misma. | H10: 0 | I10: 1 | J10: 1 | K10: 0 | L10: Advanced, C.C.o.R.D.S.f. and N. Care, Recommended Standards for Newborn ICU Design. 2007: p. 40. | M10: 1 | N10: no | O10: No cumple.
A11: =A10+1 -> 10 | C11: Configuración unidad | E11: Instalación | F11: =IF(E11="Distribución",5,IF(E11="instalación",4,IF(E11="equipamiento",3,IF(E11="suelo",3,IF(E11="hueco",4,IF(E11="techo",2,IF(E11="puerta",2,IF(E11="pared",2,IF(E11="mobiliario",1,IF(E11="señalética",1,IF(E11="arte",1,0))))))))))) -> 4 | G11: Si la unidad de neonatología, obstétrica y maternidad no se ubican en el mismo nivel, existen como mínimo dos ascensores exclusivos para el traslado urgente de pacientes. Estos ascensores tienen una dimensión de cabina aproximada de 2,7 m x 2,1 m y una puerta de 1,8 m de ancho y 2,1 m de altura. Capacidad suficiente para el adecuado transporte del neonato, tres profesionales sanitarios y los equipos vitales necesarios. | H11: 1 | I11: 1 | J11: 0 | K11: 0 | L11: Unidades de neonatología, in Estándares y recomendaciones de calidad, e.e.i. Informes, Editor. 2014, Ministerio de Sanidad, Servicios Sociales e Igualdad. | M11: 1 | N11: n.a.
A12: =A11+1 -> 11 | C12: Configuración unidad | E12: Señalética | F12: =IF(E12="Distribución",5,IF(E12="instalación",4,IF(E12="equipamiento",3,IF(E12="suelo",3,IF(E12="hueco",4,IF(E12="techo",2,IF(E12="puerta",2,IF(E12="pared",2,IF(E12="mobiliario",1,IF(E12="señalética",1,IF(E12="arte",1,0))))))))))) -> 1 | G12: Su ubicación es estratégica para facilitar la orientación en puntos de intersección de la unidad. Existe consistencia entre las señales de la unidad y su diseño es apropiado. Se acompañan con flechas que facilitan la orientación en el edificio. Su color contrasta con el de las superficies adyacentes. | H12: 0 | I12: 1 | J12: 1 | K12: 0 | L12: 1. HBN 08-02-1 Dementia-friendly Health and Social Care Environments. 2015, Department of Health UK 2. Wayfinding: Effective wayfinding and signing systems Guidance for healthcare facilities 2nd edition. 2005, NHS Estates. | M12: 1 | N12: sí
A13: =A12+1 -> 12 | C13: Configuración unidad | E13: Señalética | F13: =IF(E13="Distribución",5,IF(E13="instalación",4,IF(E13="equipamiento",3,IF(E13="suelo",3,IF(E13="hueco",4,IF(E13="techo",2,IF(E13="puerta",2,IF(E13="pared",2,IF(E13="mobiliario",1,IF(E13="señalética",1,IF(E13="arte",1,0))))))))))) -> 1 | G13: La tipografía es sencilla y clara, el tamaño de la fuente es suficientemente grande y se utilizan mayúsculas y minúsculas. El lenguaje utilizado es fácilmente entendible, no se utilizan abreviaturas y los idiomas utilizados son los adecuados para el hospital. La señalética está actualizada y en buen estado de mantenimiento. | H13: 0 | I13: 1 | J13: 1 | K13: 1 | L13: 1. HBN 08-02-1 Dementia-friendly Health and Social Care Environments. 2015, Department of Health UK 2. Wayfinding: Effective wayfinding and signing systems Guidance for healthcare facilities 2nd edition. 2005, NHS Estates. | M13: 1 | N13: no | O13: Letra demasiado pequeña y con poco contraste (color gris sobre fondo de acero inoxidable).
A14: =A13+1 -> 13 | C14: Configuración unidad | E14: Arte | F14: =IF(E14="Distribución",5,IF(E14="instalación",4,IF(E14="equipamiento",3,IF(E14="suelo",3,IF(E14="hueco",4,IF(E14="techo",2,IF(E14="puerta",2,IF(E14="pared",2,IF(E14="mobiliario",1,IF(E14="señalética",1,IF(E14="arte",1,0))))))))))) -> 1 | G14: Existen espacios habilitados para la exposición de arte. Se muestran piezas de arte que producen emociones positivas con motivos naturales, locales o de interés para las personas usuarias del espacio. Se colocan en puntos estratégicos para favorecer la orientación en la unidad como zonas muy visibles, con iluminación adecuada y su color contrasta con el del fondo. | H14: 0 | I14: 1 | J14: 1 | K14: 0 | L14: HBN 08-02-1 Dementia-friendly Health and Social Care Environments. 2015, Department of Health UK. | M14: 1 | N14: no | O14: No cumple.
A15: 1 | C15: Circulación | D15: Pasillo | E15: Distribución | F15: =IF(E15="Distribución",5,IF(E15="instalación",4,IF(E15="equipamiento",3,IF(E15="suelo",3,IF(E15="hueco",4,IF(E15="techo",2,IF(E15="puerta",2,IF(E15="pared",2,IF(E15="mobiliario",1,IF(E15="señalética",1,IF(E15="arte",1,0))))))))))) -> 5 | G15: El ancho mínimo del pasillo interior es de 2,2m. | H15: 1 | I15: 1 | J15: 0 | K15: 1 | L15: Unidades de neonatología, in Estándares y recomendaciones de calidad, e.e.i. Informes, Editor. 2014, Ministerio de Sanidad, Servicios Sociales e Igualdad. | M15: 1 | N15: sí | O15: Resultados de pediatría porque se comparte.
A16: =A15+1 -> 2 | C16: Circulación | D16: Pasillo | E16: Distribución | F16: =IF(E16="Distribución",5,IF(E16="instalación",4,IF(E16="equipamiento",3,IF(E16="suelo",3,IF(E16="hueco",4,IF(E16="techo",2,IF(E16="puerta",2,IF(E16="pared",2,IF(E16="mobiliario",1,IF(E16="señalética",1,IF(E16="arte",1,0))))))))))) -> 5 | G16: Las paredes carecen de elementos salientes que no arranquen del suelo, que vuelen más de 15 cm en la zona de altura comprendida entre 15 cm y 2,20 m medida a partir del suelo y que presenten riesgo de impacto. Los elementos volados cuya altura sea menor que 2 m, tales como mesetas o tramos de escalera, de rampas, etc., disponen de elementos fijos que restrinjan el acceso hasta ellos y permitirán su detección por los bastones de personas con discapacidad visual. | H16: 1 | I16: 1 | J16: 0 | K16: 0 | L16: Ministerio de Fomento Secretaría de Estado de Infraestructuras, T.y.V.D.G.d.A., Vivienda y Suelo, Seguridad de utilización y accesibilidad SUA, in Documento Básico. 2015. | M16: 1 | N16: sí
A17: =A16+1 -> 3 | C17: Circulación | D17: Pasillo | E17: Instalación | F17: =IF(E17="Distribución",5,IF(E17="instalación",4,IF(E17="equipamiento",3,IF(E17="suelo",3,IF(E17="hueco",4,IF(E17="techo",2,IF(E17="puerta",2,IF(E17="pared",2,IF(E17="mobiliario",1,IF(E17="señalética",1,IF(E17="arte",1,0))))))))))) -> 4 | G17: Ventilado mecánicamente. | H17: 0 | I17: 0 | J17: 0 | K17: 1 | L17: Reglamento de instalaciones térmicas en los edificios (RITE), BOE-A-2007-15820, Editor. 2007, Ministerio de la Presidencia. | M17: 1 | N17: sí
A18: =A17+1 -> 4 | C18: Circulación | D18: Pasillo | E18: Instalación | F18: =IF(E18="Distribución",5,IF(E18="instalación",4,IF(E18="equipamiento",3,IF(E18="suelo",3,IF(E18="hueco",4,IF(E18="techo",2,IF(E18="puerta",2,IF(E18="pared",2,IF(E18="mobiliario",1,IF(E18="señalética",1,IF(E18="arte",1,0))))))))))) -> 4 | G18: La temperatura en la unidad oscila entre los 22º y 26 ºC. | H18: 1 | I18: 1 | J18: 0 | K18: 0 | L18: Unidades de neonatología, in Estándares y recomendaciones de calidad, e.e.i. Informes, Editor. 2014, Ministerio de Sanidad, Servicios Sociales e Igualdad. | M18: 1 | N18: sí
A19: =A18+1 -> 5 | C19: Circulación | D19: Pasillo | E19: Suelo | F19: =IF(E19="Distribución",5,IF(E19="instalación",4,IF(E19="equipamiento",3,IF(E19="suelo",3,IF(E19="hueco",4,IF(E19="techo",2,IF(E19="puerta",2,IF(E19="pared",2,IF(E19="mobiliario",1,IF(E19="señalética",1,IF(E19="arte",1,0))))))))))) -> 3 | G19: El suelo es continuo, las juntas están selladas y no hay cambios de nivel. | H19: 1 | I19: 1 | J19: 0 | K19: 1 | L19: Autores CURARQ | M19: 1 | N19: sí
A20: =A19+1 -> 6 | C20: Circulación | D20: Pasillo | E20: Suelo | F20: =IF(E20="Distribución",5,IF(E20="instalación",4,IF(E20="equipamiento",3,IF(E20="suelo",3,IF(E20="hueco",4,IF(E20="techo",2,IF(E20="puerta",2,IF(E20="pared",2,IF(E20="mobiliario",1,IF(E20="señalética",1,IF(E20="arte",1,0))))))))))) -> 3 | G20: Resistente a un uso intensivo. Liso, fácil de limpiar y sin apariencia clínica. | H20: 0 | I20: 0 | J20: 1 | K20: 1 | L20: Unidad de cuidados intensivos, in Estándares y recomendaciones, e.e.i. Informes, Editor. 2010, Ministerio de Sanidad y Política Social. | M20: 1 | N20: sí
A21: =A20+1 -> 7 | C21: Circulación | D21: Pasillo | E21: Suelo | F21: =IF(E21="Distribución",5,IF(E21="instalación",4,IF(E21="equipamiento",3,IF(E21="suelo",3,IF(E21="hueco",4,IF(E21="techo",2,IF(E21="puerta",2,IF(E21="pared",2,IF(E21="mobiliario",1,IF(E21="señalética",1,IF(E21="arte",1,0))))))))))) -> 3 | G21: (Sin estampados o texturas que puedan provocar una sobreestimulación no deseada)¹. (No brillante y su color contrasta con el de las paredes)². | H21: 0 | I21: 0 | J21: 1 | K21: 0 | L21: 1. HBN 08-02-1 Dementia-friendly Health and Social Care Environments. 2015, Department of Health UK 2. Patient-Led Assessments of the Care Environment. The Ward Assessment - Acute and Community Hospitals, Hospices and Treatment Centres. 2015, NHS England. | M21: 1 | N21: sí
A22: =A21+1 -> 8 | C22: Circulación | D22: Pasillo | E22: Techo | F22: =IF(E22="Distribución",5,IF(E22="instalación",4,IF(E22="equipamiento",3,IF(E22="suelo",3,IF(E22="hueco",4,IF(E22="techo",2,IF(E22="puerta",2,IF(E22="pared",2,IF(E22="mobiliario",1,IF(E22="señalética",1,IF(E22="arte",1,0))))))))))) -> 2 | G22: (Sin iluminación artificial directa y uniforme ya que puede crear un efecto estroboscópico. Se utiliza luz difusa y reflejada)¹. (El falso techo se encuentra en buen estado)². | H22: 0 | I22: 0 | J22: 1 | K22: 1 | L22: 1. Friendly healthcare environments for children and young people. 2004, NHS Estates. 2. Patient-Led Assessments of the Care Environment. The Ward Assessment - Acute and Community Hospitals, Hospices and Treatment Centres. 2015, NHS England. | M22: 1 | N22: no | O22: Fluorescentes con difusor para posición vertical (tipo oficina antigua).
A23: =A22+1 -> 9 | C23: Circulación | D23: Pasillo | E23: Pared | F23: =IF(E23="Distribución",5,IF(E23="instalación",4,IF(E23="equipamiento",3,IF(E23="suelo",3,IF(E23="hueco",4,IF(E23="techo",2,IF(E23="puerta",2,IF(E23="pared",2,IF(E23="mobiliario",1,IF(E23="señalética",1,IF(E23="arte",1,0))))))))))) -> 2 | G23: Las paredes se pueden lavar con agua, son durables, resistentes al impacto de carros y equipos móviles. (Las zonas más propensas al choque de carros y equipos móviles están reforzadas para resistir los impactos. Protecciones de esquinas y paredes)¹. (Las protecciones no sobresalen ni suponen un riesgo)4. (La pintura está en buen estado de conservación, sin marcas como ralladuras o arañazos ni otros desperfectos)³. | H23: 1 | I23: 0 | J23: 0 | K23: 1 | L23: 1. Unidad de enfermería en hospitalización polivalente de agudos, in Estándares y recomendaciones, e.e.i. Informes, Editor. 2009, Ministerio de Sanidad y Política Social 2. Health, N.E.a.E.A.o.t.D.o., HBN 23 Hospital accommodation for children and young people. 2004 3. Patient-Led Assessments of the Care Environment. The Ward Assessment - Acute and Community Hospitals, Hospices and Treatment Centres. 2015, NHS England. 4. Autores CURARQ | M23: 1 | N23: no | O23: No hay protecciones de paredes, solamente de esquinas y el rodapié es muy bajo.
A24: =A23+1 -> 10 | C24: Circulación | D24: Pasillo | E24: Pared | F24: =IF(E24="Distribución",5,IF(E24="instalación",4,IF(E24="equipamiento",3,IF(E24="suelo",3,IF(E24="hueco",4,IF(E24="techo",2,IF(E24="puerta",2,IF(E24="pared",2,IF(E24="mobiliario",1,IF(E24="señalética",1,IF(E24="arte",1,0))))))))))) -> 2 | G24: El blanco es el color base de la unidad. Sin estampados que provoquen una sobreestimulación no deseada. No brillante y con alto contraste. Su color contrasta con el del suelo. | H24: 0 | I24: 0 | J24: 1 | K24: 0 | L24: HBN 08-02-1 Dementia-friendly Health and Social Care Environments. 2015, Department of Health UK. | M24: 1 | N24: sí
A25: =A24+1 -> 11 | C25: Circulación | D25: Pasillo | E25: Pared | F25: =IF(E25="Distribución",5,IF(E25="instalación",4,IF(E25="equipamiento",3,IF(E25="suelo",3,IF(E25="hueco",4,IF(E25="techo",2,IF(E25="puerta",2,IF(E25="pared",2,IF(E25="mobiliario",1,IF(E25="señalética",1,IF(E25="arte",1,0))))))))))) -> 2 | G25: Pasamanos a ambos lados. Su color contrasta con el de la pared. | H25: 1 | I25: 0 | J25: 0 | K25: 0 | L25: HBN 08-02-1 Dementia-friendly Health and Social Care Environments. 2015, Department of Health UK. | M25: 1 | N25: no | O25: No hay pasamanos a ningún lado de la pared.
A26: =A25+1 -> 12 | C26: Circulación | D26: Pasillo | E26: Pared | F26: =IF(E26="Distribución",5,IF(E26="instalación",4,IF(E26="equipamiento",3,IF(E26="suelo",3,IF(E26="hueco",4,IF(E26="techo",2,IF(E26="puerta",2,IF(E26="pared",2,IF(E26="mobiliario",1,IF(E26="señalética",1,IF(E26="arte",1,0))))))))))) -> 2 | G26: Con zócalo o escocia de un material resistente, fácil de limpiar y coordinado con el pavimento del suelo. | H26: 0 | I26: 0 | J26: 0 | K26: 1 | L26: Intensive therapy unit, in Health Building Note 27. 1992, NHS Estates. p. 56. | M26: 1 | N26: no | O26: De unos 7 cm, debería ser más alto para proteger a la pared.
A27: =A26+1 -> 13 | C27: Circulación | D27: Pasillo | E27: Puerta | F27: =IF(E27="Distribución",5,IF(E27="instalación",4,IF(E27="equipamiento",3,IF(E27="suelo",3,IF(E27="hueco",4,IF(E27="techo",2,IF(E27="puerta",2,IF(E27="pared",2,IF(E27="mobiliario",1,IF(E27="señalética",1,IF(E27="arte",1,0))))))))))) -> 2 | G27: Las puertas de sectorización de incendios disponen de retenedores y quedan en el interior del plano de los paramentos de forma que no disminuye el ancho útil del pasillo. | H27: 1 | I27: 0 | J27: 0 | K27: 1 | L27: Unidad de enfermería en hospitalización polivalente de agudos, in Estándares y recomendaciones, e.e.i. Informes, Editor. 2009, Ministerio de Sanidad y Política Social. | M27: 1 | N27: no | O27: Dispone de retenedores pero no quedan en el interior del plano del paramento.
A28: 1 | C28: Acceso | D28: Entrada y vestíbulo | E28: Distribución | F28: =IF(E28="Distribución",5,IF(E28="instalación",4,IF(E28="equipamiento",3,IF(E28="suelo",3,IF(E28="hueco",4,IF(E28="techo",2,IF(E28="puerta",2,IF(E28="pared",2,IF(E28="mobiliario",1,IF(E28="señalética",1,IF(E28="arte",1,0))))))))))) -> 5 | G28: Superficie útil en torno a 20 m². | H28: 0 | I28: 0 | J28: 1 | K28: 1 | L28: Unidad de enfermería en hospitalización polivalente de agudos, in Estándares y recomendaciones, e.e.i. Informes, Editor. 2009, Ministerio de Sanidad y Política Social | M28: 1 | N28: no | O28: Local compartido con la hospitalización de pediatría.
A29: =A28+1 -> 2 | C29: Acceso | D29: Entrada y vestíbulo | E29: Instalación | F29: =IF(E29="Distribución",5,IF(E29="instalación",4,IF(E29="equipamiento",3,IF(E29="suelo",3,IF(E29="hueco",4,IF(E29="techo",2,IF(E29="puerta",2,IF(E29="pared",2,IF(E29="mobiliario",1,IF(E29="señalética",1,IF(E29="arte",1,0))))))))))) -> 4 | G29: Ventilado mecánicamente. | H29: 0 | I29: 0 | J29: 0 | K29: 1 | L29: Reglamento de instalaciones térmicas en los edificios (RITE), BOE-A-2007-15820, Editor. 2007, Ministerio de la Presidencia. | M29: 1 | N29: sí
A30: =A29+1 -> 3 | C30: Acceso | D30: Entrada y vestíbulo | E30: Instalación | F30: =IF(E30="Distribución",5,IF(E30="instalación",4,IF(E30="equipamiento",3,IF(E30="suelo",3,IF(E30="hueco",4,IF(E30="techo",2,IF(E30="puerta",2,IF(E30="pared",2,IF(E30="mobiliario",1,IF(E30="señalética",1,IF(E30="arte",1,0))))))))))) -> 4 | G30: Sistema de control de acceso a la unidad. Medios electrónicos de vigilancia y seguridad. | H30: 0 | I30: 1 | J30: 0 | K30: 1 | L30: Unidades de neonatología, in Estándares y recomendaciones de calidad, e.e.i. Informes, Editor. 2014, Ministerio de Sanidad, Servicios Sociales e Igualdad. | M30: 1 | N30: no | O30: No tiene ningún sistema de seguridad.
A31: =A30+1 -> 4 | C31: Acceso | D31: Entrada y vestíbulo | E31: Señalética | F31: =IF(E31="Distribución",5,IF(E31="instalación",4,IF(E31="equipamiento",3,IF(E31="suelo",3,IF(E31="hueco",4,IF(E31="techo",2,IF(E31="puerta",2,IF(E31="pared",2,IF(E31="mobiliario",1,IF(E31="señalética",1,IF(E31="arte",1,0))))))))))) -> 1 | G31: Señal de dirección desde el punto de acceso a planta y señal de localización para identificar la unidad. Directorio a la salida del ascensor. | H31: 0 | I31: 1 | J31: 1 | K31: 0 | L31: Wayfinding: Effective wayfinding and signing systems Guidance for healthcare facilities 2nd edition. 2005, NHS Estates. | M31: 1 | N31: no | O31: No hay señal de localización ni directorio.
A32: =A31+1 -> 5 | C32: Acceso | D32: Recepción | E32: Distribución | F32: =IF(E32="Distribución",5,IF(E32="instalación",4,IF(E32="equipamiento",3,IF(E32="suelo",3,IF(E32="hueco",4,IF(E32="techo",2,IF(E32="puerta",2,IF(E32="pared",2,IF(E32="mobiliario",1,IF(E32="señalética",1,IF(E32="arte",1,0))))))))))) -> 5 | G32: Permite el control visual del acceso al vestíbulo de entrada de la unidad. | H32: 0 | I32: 1 | J32: 0 | K32: 1 | L32: Unidades de neonatología, in Estándares y recomendaciones de calidad, e.e.i. Informes, Editor. 2014, Ministerio de Sanidad, Servicios Sociales e Igualdad. | M32: 1 | N32: n.a. | O32: Por la cartera de servicios del hospital.
A33: =A32+1 -> 6 | C33: Acceso | D33: Recepción | E33: Equipamiento | F33: =IF(E33="Distribución",5,IF(E33="instalación",4,IF(E33="equipamiento",3,IF(E33="suelo",3,IF(E33="hueco",4,IF(E33="techo",2,IF(E33="puerta",2,IF(E33="pared",2,IF(E33="mobiliario",1,IF(E33="señalética",1,IF(E33="arte",1,0))))))))))) -> 3 | G33: (Con capacidad para una persona)¹. (Mueble mostrador y sillón ergonómico con ruedas)². | H33: 0 | I33: 1 | J33: 0 | K33: 0 | L33: 1. Unidades de neonatología, in Estándares y recomendaciones de calidad, e.e.i. Informes, Editor. 2014, Ministerio de Sanidad, Servicios Sociales e Igualdad 2.Unidad de cuidados intensivos, in Estándares y recomendaciones, e.e.i. Informes, Editor. 2010, Ministerio de Sanidad y Política Social. | M33: 1 | N33: n.a.
A34: =A33+1 -> 7 | C34: Acceso | D34: Estar de familiares | E34: Distribución | F34: =IF(E34="Distribución",5,IF(E34="instalación",4,IF(E34="equipamiento",3,IF(E34="suelo",3,IF(E34="hueco",4,IF(E34="techo",2,IF(E34="puerta",2,IF(E34="pared",2,IF(E34="mobiliario",1,IF(E34="señalética",1,IF(E34="arte",1,0))))))))))) -> 5 | G34: Superfície útil en torno a 30 m2. | H34: 0 | I34: 0 | J34: 1 | K34: 0 | L34: Unidad de enfermería en hospitalización polivalente de agudos, in Estándares y recomendaciones, e.e.i. Informes, Editor. 2009, Ministerio de Sanidad y Política Social. | M34: 1 | N34: no | O34: Datos de hospitalización polivalente porque eran iguales. Su superficie es inferior, en torno a los 16 m².
A35: =A34+1 -> 8 | C35: Acceso | D35: Estar de familiares | E35: Distribución | F35: =IF(E35="Distribución",5,IF(E35="instalación",4,IF(E35="equipamiento",3,IF(E35="suelo",3,IF(E35="hueco",4,IF(E35="techo",2,IF(E35="puerta",2,IF(E35="pared",2,IF(E35="mobiliario",1,IF(E35="señalética",1,IF(E35="arte",1,0))))))))))) -> 5 | G35: Con acceso desde el vestíbulo de entrada a la unidad. | H35: 0 | I35: 0 | J35: 1 | K35: 0 | L35: Unidad de cuidados intensivos, in Estándares y recomendaciones, e.e.i. Informes, Editor. 2010, Ministerio de Sanidad y Política Social. | M35: 1 | N35: sí
A36: =A35+1 -> 9 | C36: Acceso | D36: Estar de familiares | E36: Hueco | F36: =IF(E36="Distribución",5,IF(E36="instalación",4,IF(E36="equipamiento",3,IF(E36="suelo",3,IF(E36="hueco",4,IF(E36="techo",2,IF(E36="puerta",2,IF(E36="pared",2,IF(E36="mobiliario",1,IF(E36="señalética",1,IF(E36="arte",1,0))))))))))) -> 4 | G36: Iluminación natural. | H36: 0 | I36: 0 | J36: 1 | K36: 0 | L36: Unidades de neonatología, in Estándares y recomendaciones de calidad, e.e.i. Informes, Editor. 2014, Ministerio de Sanidad, Servicios Sociales e Igualdad. | M36: 1 | N36: sí
A37: =A36+1 -> 10 | C37: Acceso | D37: Estar de familiares | E37: Instalación | F37: =IF(E37="Distribución",5,IF(E37="instalación",4,IF(E37="equipamiento",3,IF(E37="suelo",3,IF(E37="hueco",4,IF(E37="techo",2,IF(E37="puerta",2,IF(E37="pared",2,IF(E37="mobiliario",1,IF(E37="señalética",1,IF(E37="arte",1,0))))))))))) -> 4 | G37: Ventilado mecánicamente. | H37: 0 | I37: 0 | J37: 0 | K37: 1 | L37: Reglamento de instalaciones térmicas en los edificios (RITE), BOE-A-2007-15820, Editor. 2007, Ministerio de la Presidencia. | M37: 1 | N37: sí
A38: =A37+1 -> 11 | C38: Acceso | D38: Estar de familiares | E38: Instalación | F38: =IF(E38="Distribución",5,IF(E38="instalación",4,IF(E38="equipamiento",3,IF(E38="suelo",3,IF(E38="hueco",4,IF(E38="techo",2,IF(E38="puerta",2,IF(E38="pared",2,IF(E38="mobiliario",1,IF(E38="señalética",1,IF(E38="arte",1,0))))))))))) -> 4 | G38: Tomas eléctricas y wifi. | H38: 0 | I38: 0 | J38: 1 | K38: 0 | L38: Unidades de neonatología, in Estándares y recomendaciones de calidad, e.e.i. Informes, Editor. 2014, Ministerio de Sanidad, Servicios Sociales e Igualdad. | M38: 1 | N38: sí
A39: =A38+1 -> 12 | C39: Acceso | D39: Estar de familiares | E39: Equipamiento | F39: =IF(E39="Distribución",5,IF(E39="instalación",4,IF(E39="equipamiento",3,IF(E39="suelo",3,IF(E39="hueco",4,IF(E39="techo",2,IF(E39="puerta",2,IF(E39="pared",2,IF(E39="mobiliario",1,IF(E39="señalética",1,IF(E39="arte",1,0))))))))))) -> 3 | G39: (Fuente de agua fría y máquinas expendedoras de bebidas)¹ (y comida saludable)². | H39: 0 | I39: 0 | J39: 1 | K39: 0 | L39: 1. Unidades de neonatología, in Estándares y recomendaciones de calidad, e.e.i. Informes, Editor. 2014, Ministerio de Sanidad, Servicios Sociales e Igualdad. 2. Autores CURARQ | M39: 1 | N39: no | O39: Hay máquinas expendedoras de bebidas y comida saludable y no saludable junto a las escaleras. No hay fuente de agua fría.
A40: =A39+1 -> 13 | C40: Acceso | D40: Estar de familiares | E40: Mobiliario | F40: =IF(E40="Distribución",5,IF(E40="instalación",4,IF(E40="equipamiento",3,IF(E40="suelo",3,IF(E40="hueco",4,IF(E40="techo",2,IF(E40="puerta",2,IF(E40="pared",2,IF(E40="mobiliario",1,IF(E40="señalética",1,IF(E40="arte",1,0))))))))))) -> 1 | G40: (Sillas sin ruedas)¹. (Los asientos se encuentran en buen estado, sin marcas, ralladuras u otros desperfectos)². (Los usuarios con sillas de ruedas se pueden integrar en la distribución de los asientos de la sala)³. (Mesas de estar, papelera y arte)¹. | H40: 0 | I40: 0 | J40: 1 | K40: 1 | L40: 1. Unidad de enfermería en hospitalización polivalente de agudos, in Estándares y recomendaciones, e.e.i. Informes, Editor. 2009, Ministerio de Sanidad y Política Social 2. Patient-Led Assessments of the Care Environment. The Ward Assessment - Acute and Community Hospitals, Hospices and Treatment Centres. 2015, NHS England 3. Lewis, A., EVOLVE: a tool for evaluating the design of older people´s housing. Housing, Care and Support, 2010. | M40: 1 | N40: no | O40: Sin mesas ni papelera.
A41: =A40+1 -> 14 | C41: Acceso | D41: Estar de familiares | E41: Mobiliario | F41: =IF(E41="Distribución",5,IF(E41="instalación",4,IF(E41="equipamiento",3,IF(E41="suelo",3,IF(E41="hueco",4,IF(E41="techo",2,IF(E41="puerta",2,IF(E41="pared",2,IF(E41="mobiliario",1,IF(E41="señalética",1,IF(E41="arte",1,0))))))))))) -> 1 | G41: Espacio para niños y niñas con juegos y libros. De fácil observación por los padres. | H41: 0 | I41: 0 | J41: 1 | K41: 0 | L41: Unidades de neonatología, in Estándares y recomendaciones de calidad, e.e.i. Informes, Editor. 2014, Ministerio de Sanidad, Servicios Sociales e Igualdad. | M41: 1 | N41: no | O41: No cumple.
A42: =A41+1 -> 15 | C42: Acceso | D42: Vestuario familiares | E42: Distribución | F42: =IF(E42="Distribución",5,IF(E42="instalación",4,IF(E42="equipamiento",3,IF(E42="suelo",3,IF(E42="hueco",4,IF(E42="techo",2,IF(E42="puerta",2,IF(E42="pared",2,IF(E42="mobiliario",1,IF(E42="señalética",1,IF(E42="arte",1,0))))))))))) -> 5 | G42: Funciona como esclusa de acceso de los familiares desde el exterior a la zona clínica. Mínimo de 1m² por cada 6 cunas o incubadoras. | H42: 1 | I42: 1 | J42: 0 | K42: 0 | L42: Unidades de neonatología, in Estándares y recomendaciones de calidad, e.e.i. Informes, Editor. 2014, Ministerio de Sanidad, Servicios Sociales e Igualdad. | M42: 1 | N42: no | O42: La unidad no tiene este local.
A43: =A42+1 -> 16 | C43: Acceso | D43: Vestuario familiares | E43: Equipamiento | F43: =IF(E43="Distribución",5,IF(E43="instalación",4,IF(E43="equipamiento",3,IF(E43="suelo",3,IF(E43="hueco",4,IF(E43="techo",2,IF(E43="puerta",2,IF(E43="pared",2,IF(E43="mobiliario",1,IF(E43="señalética",1,IF(E43="arte",1,0))))))))))) -> 3 | G43: Equipado con instalación de lavado y desinfección de las manos. | H43: 1 | I43: 0 | J43: 0 | K43: 0 | L43: Unidades de neonatología, in Estándares y recomendaciones de calidad, e.e.i. Informes, Editor. 2014, Ministerio de Sanidad, Servicios Sociales e Igualdad. | M43: 1 | N43: no | O43: No cumple.
A44: =A43+1 -> 17 | C44: Acceso | D44: Vestuario familiares | E44: Mobiliario | F44: =IF(E44="Distribución",5,IF(E44="instalación",4,IF(E44="equipamiento",3,IF(E44="suelo",3,IF(E44="hueco",4,IF(E44="techo",2,IF(E44="puerta",2,IF(E44="pared",2,IF(E44="mobiliario",1,IF(E44="señalética",1,IF(E44="arte",1,0))))))))))) -> 1 | G44: Con taquillas y elementos para guardar la ropa de calle de los familiares. | H44: 0 | I44: 0 | J44: 1 | K44: 0 | L44: Unidades de neonatología, in Estándares y recomendaciones de calidad, e.e.i. Informes, Editor. 2014, Ministerio de Sanidad, Servicios Sociales e Igualdad. | M44: 1 | N44: no | O44: No cumple.
A45: =A44+1 -> 18 | C45: Acceso | D45: Aseo público | E45: Distribución | F45: =IF(E45="Distribución",5,IF(E45="instalación",4,IF(E45="equipamiento",3,IF(E45="suelo",3,IF(E45="hueco",4,IF(E45="techo",2,IF(E45="puerta",2,IF(E45="pared",2,IF(E45="mobiliario",1,IF(E45="señalética",1,IF(E45="arte",1,0))))))))))) -> 5 | G45: (Superficie útil en torno a 4 m² por aseo)¹. (Exclusivos para cada sexo)². (Mínimo de dos)¹. | H45: 0 | I45: 0 | J45: 1 | K45: 0 | L45: 1. Unidad de enfermería en hospitalización polivalente de agudos, in Estándares y recomendaciones, e.e.i. Informes, Editor. 2009, Ministerio de Sanidad y Política Social. 2. Patient-Led Assessments of the Care Environment. The Ward Assessment - Acute and Community Hospitals, Hospices and Treatment Centres. 2015, NHS England. | M45: 1 | N45: no | O45: Resultados de pediatría porque se comparte.
A46: =A45+1 -> 19 | C46: Acceso | D46: Aseo público | E46: Distribución | F46: =IF(E46="Distribución",5,IF(E46="instalación",4,IF(E46="equipamiento",3,IF(E46="suelo",3,IF(E46="hueco",4,IF(E46="techo",2,IF(E46="puerta",2,IF(E46="pared",2,IF(E46="mobiliario",1,IF(E46="señalética",1,IF(E46="arte",1,0))))))))))) -> 5 | G46: (Ubicado junto a la sala de estar de familiares)¹ .(Fácil de identificar desde la sala de estar o el pasillo interno)². | H46: 0 | I46: 0 | J46: 1 | K46: 0 | L46: 1. Unidad de enfermería en hospitalización polivalente de agudos, in Estándares y recomendaciones, e.e.i. Informes, Editor. 2009, Ministerio de Sanidad y Política Social. 2. HBN 08-02-1 Dementia-friendly Health and Social Care Environments. 2015, Department of Health UK. | M46: 1 | N46: sí
A47: =A46+1 -> 20 | C47: Acceso | D47: Aseo público | E47: Instalación | F47: =IF(E47="Distribución",5,IF(E47="instalación",4,IF(E47="equipamiento",3,IF(E47="suelo",3,IF(E47="hueco",4,IF(E47="techo",2,IF(E47="puerta",2,IF(E47="pared",2,IF(E47="mobiliario",1,IF(E47="señalética",1,IF(E47="arte",1,0))))))))))) -> 4 | G47: Ventilado mecánicamente. | H47: 0 | I47: 0 | J47: 0 | K47: 1 | L47: Reglamento de instalaciones térmicas en los edificios (RITE), BOE-A-2007-15820, Editor. 2007, Ministerio de la Presidencia. | M47: 1 | N47: sí
A48: =A47+1 -> 21 | C48: Acceso | D48: Aseo público | E48: Equipamiento | F48: =IF(E48="Distribución",5,IF(E48="instalación",4,IF(E48="equipamiento",3,IF(E48="suelo",3,IF(E48="hueco",4,IF(E48="techo",2,IF(E48="puerta",2,IF(E48="pared",2,IF(E48="mobiliario",1,IF(E48="señalética",1,IF(E48="arte",1,0))))))))))) -> 3 | G48: (Lavabo e inodoro)¹ (en buen estado de conservación)². | H48: 0 | I48: 0 | J48: 1 | K48: 1 | L48: 1. Unidad de enfermería en hospitalización polivalente de agudos, in Estándares y recomendaciones, e.e.i. Informes, Editor. 2009, Ministerio de Sanidad y Política Social. 2. Patient-Led Assessments of the Care Environment. The Ward Assessment - Acute and Community Hospitals, Hospices and Treatment Centres. 2015, NHS England. | M48: 1 | N48: sí
A49: =A48+1 -> 22 | C49: Acceso | D49: Aseo público | E49: Puerta | F49: =IF(E49="Distribución",5,IF(E49="instalación",4,IF(E49="equipamiento",3,IF(E49="suelo",3,IF(E49="hueco",4,IF(E49="techo",2,IF(E49="puerta",2,IF(E49="pared",2,IF(E49="mobiliario",1,IF(E49="señalética",1,IF(E49="arte",1,0))))))))))) -> 2 | G49: Los sistemas de cierre funcionan correctamente. | H49: 0 | I49: 0 | J49: 0 | K49: 1 | L49: Patient-Led Assessments of the Care Environment. The Ward Assessment - Acute and Community Hospitals, Hospices and Treatment Centres. 2015, NHS England. | M49: 1 | N49: sí
A50: =A49+1 -> 23 | C50: Acceso | D50: Aseo público | E50: Mobiliario | G50: Cambiador de pañales. | H50: 0 | I50: 0 | J50: 1 | K50: 0 | L50: Unidades de neonatología, in Estándares y recomendaciones de calidad, e.e.i. Informes, Editor. 2014, Ministerio de Sanidad, Servicios Sociales e Igualdad. | M50: 1 | N50: sí
A51: =A50+1 -> 24 | C51: Acceso | D51: Aseo público | E51: Mobiliario | F51: =IF(E51="Distribución",5,IF(E51="instalación",4,IF(E51="equipamiento",3,IF(E51="suelo",3,IF(E51="hueco",4,IF(E51="techo",2,IF(E51="puerta",2,IF(E51="pared",2,IF(E51="mobiliario",1,IF(E51="señalética",1,IF(E51="arte",1,0))))))))))) -> 1 | G51: Dispensador de jabón, de papel higiénico y de toallas de papel. Escobilla y papelera (preferiblemente con tapa). Espejo y percha. | H51: 0 | I51: 0 | J51: 1 | K51: 0 | L51: Unidad de enfermería en hospitalización polivalente de agudos, in Estándares y recomendaciones, e.e.i. Informes, Editor. 2009, Ministerio de Sanidad y Política Social. | M51: 1 | N51: no | O51: Falta la percha.
A52: =A51+1 -> 25 | C52: Acceso | D52: Despacho información | E52: Distribución | F52: =IF(E52="Distribución",5,IF(E52="instalación",4,IF(E52="equipamiento",3,IF(E52="suelo",3,IF(E52="hueco",4,IF(E52="techo",2,IF(E52="puerta",2,IF(E52="pared",2,IF(E52="mobiliario",1,IF(E52="señalética",1,IF(E52="arte",1,0))))))))))) -> 5 | G52: (Superficie útil en torno a 12 m²)¹. (Uno por cada 20 cunas o incubadoras y un mínimo de una)². | H52: 0 | I52: 1 | J52: 1 | K52: 0 | L52: 1. Unidad de enfermería en hospitalización polivalente de agudos, in Estándares y recomendaciones, e.e.i. Informes, Editor. 2009, Ministerio de Sanidad y Política Social. 2. Unidades de neonatología, in Estándares y recomendaciones de calidad, e.e.i. Informes, Editor. 2014, Ministerio de Sanidad, Servicios Sociales e Igualdad. | M52: 1 | N52: n.a. | O52: Por la cartera de servicios del hospital.
A53: =A52+1 -> 26 | C53: Acceso | D53: Despacho información | E53: Distribución | F53: =IF(E53="Distribución",5,IF(E53="instalación",4,IF(E53="equipamiento",3,IF(E53="suelo",3,IF(E53="hueco",4,IF(E53="techo",2,IF(E53="puerta",2,IF(E53="pared",2,IF(E53="mobiliario",1,IF(E53="señalética",1,IF(E53="arte",1,0))))))))))) -> 5 | G53: Condiciones de privacidad adecuada. Ambiente cálido y residencial. | H53: 0 | I53: 0 | J53: 1 | K53: 0 | L53: Unidad de enfermería en hospitalización polivalente de agudos, in Estándares y recomendaciones, e.e.i. Informes, Editor. 2009, Ministerio de Sanidad y Política Social. | M53: 1 | N53: n.a.
A54: =A53+1 -> 27 | C54: Acceso | D54: Despacho información | E54: Instalación | F54: =IF(E54="Distribución",5,IF(E54="instalación",4,IF(E54="equipamiento",3,IF(E54="suelo",3,IF(E54="hueco",4,IF(E54="techo",2,IF(E54="puerta",2,IF(E54="pared",2,IF(E54="mobiliario",1,IF(E54="señalética",1,IF(E54="arte",1,0))))))))))) -> 4 | G54: Ventilado mecánicamente. | H54: 0 | I54: 0 | J54: 0 | K54: 1 | L54: Reglamento de instalaciones térmicas en los edificios (RITE), BOE-A-2007-15820, Editor. 2007, Ministerio de la Presidencia. | M54: 1 | N54: n.a.
A55: =A54+1 -> 28 | C55: Acceso | D55: Despacho información | E55: Equipamiento | F55: =IF(E55="Distribución",5,IF(E55="instalación",4,IF(E55="equipamiento",3,IF(E55="suelo",3,IF(E55="hueco",4,IF(E55="techo",2,IF(E55="puerta",2,IF(E55="pared",2,IF(E55="mobiliario",1,IF(E55="señalética",1,IF(E55="arte",1,0))))))))))) -> 3 | G55: Conexiones eléctricas, de transmisiones y comunicaciones. | H55: 0 | I55: 1 | J55: 0 | K55: 0 | L55: Autores CURARQ | M55: 1 | N55: n.a.
A56: =A55+1 -> 29 | C56: Acceso | D56: Despacho información | E56: Mobiliario | F56: =IF(E56="Distribución",5,IF(E56="instalación",4,IF(E56="equipamiento",3,IF(E56="suelo",3,IF(E56="hueco",4,IF(E56="techo",2,IF(E56="puerta",2,IF(E56="pared",2,IF(E56="mobiliario",1,IF(E56="señalética",1,IF(E56="arte",1,0))))))))))) -> 1 | G56: Mesa de trabajo, sillas y sillón ergonómico. | H56: 0 | I56: 1 | J56: 0 | K56: 0 | L56: Unidad de enfermería en hospitalización polivalente de agudos, in Estándares y recomendaciones, e.e.i. Informes, Editor. 2009, Ministerio de Sanidad y Política Social. | M56: 1 | N56: n.a.
A57: =A56+1 -> 30 | C57: Acceso | D57: Consulta | E57: Distribución | F57: =IF(E57="Distribución",5,IF(E57="instalación",4,IF(E57="equipamiento",3,IF(E57="suelo",3,IF(E57="hueco",4,IF(E57="techo",2,IF(E57="puerta",2,IF(E57="pared",2,IF(E57="mobiliario",1,IF(E57="señalética",1,IF(E57="arte",1,0))))))))))) -> 5 | G57: (Superficie útil en torno a 20 m²)¹. (Se utiliza en algunas unidades para explorar a los recién nacidos que hayan perdido más del 12 % del peso desde el nacimiento)². | H57: 0 | I57: 1 | J57: 0 | K57: 0 | L57: 1. Social, M.d.S.y.P., Maternidad Hospitalaria Estándares y Recomendaciones. 2009: Madrid 2. Unidades de neonatología, in Estándares y recomendaciones de calidad, e.e.i. Informes, Editor. 2014, Ministerio de Sanidad, Servicios Sociales e Igualdad. | M57: 1 | N57: n.a. | O57: Por la cartera de servicios del hospital.
A58: =A57+1 -> 31 | C58: Acceso | D58: Consulta | E58: Instalación | F58: =IF(E58="Distribución",5,IF(E58="instalación",4,IF(E58="equipamiento",3,IF(E58="suelo",3,IF(E58="hueco",4,IF(E58="techo",2,IF(E58="puerta",2,IF(E58="pared",2,IF(E58="mobiliario",1,IF(E58="señalética",1,IF(E58="arte",1,0))))))))))) -> 4 | G58: Ventilado mecánicamente. | H58: 0 | I58: 0 | J58: 0 | K58: 1 | L58: Reglamento de instalaciones térmicas en los edificios (RITE), BOE-A-2007-15820, Editor. 2007, Ministerio de la Presidencia. | M58: 1 | N58: n.a.
A59: =A58+1 -> 32 | C59: Acceso | D59: Consulta | E59: Equipamiento | F59: =IF(E59="Distribución",5,IF(E59="instalación",4,IF(E59="equipamiento",3,IF(E59="suelo",3,IF(E59="hueco",4,IF(E59="techo",2,IF(E59="puerta",2,IF(E59="pared",2,IF(E59="mobiliario",1,IF(E59="señalética",1,IF(E59="arte",1,0))))))))))) -> 3 | G59: Tomas de oxígeno y vacío. | H59: 0 | I59: 1 | J59: 0 | K59: 0 | L59: Autores CURARQ | M59: 1 | N59: n.a.
A60: =A59+1 -> 33 | C60: Acceso | D60: Consulta | E60: Equipamiento | F60: =IF(E60="Distribución",5,IF(E60="instalación",4,IF(E60="equipamiento",3,IF(E60="suelo",3,IF(E60="hueco",4,IF(E60="techo",2,IF(E60="puerta",2,IF(E60="pared",2,IF(E60="mobiliario",1,IF(E60="señalética",1,IF(E60="arte",1,0))))))))))) -> 3 | G60: Pileta y grifería termostática con mando de codo. | H60: 0 | I60: 1 | J60: 0 | K60: 0 | L60: Social, M.d.S.y.P., Maternidad Hospitalaria Estándares y Recomendaciones. 2009: Madrid | M60: 1 | N60: n.a.
A61: =A60+1 -> 34 | C61: Acceso | D61: Consulta | E61: Mobiliario | F61: =IF(E61="Distribución",5,IF(E61="instalación",4,IF(E61="equipamiento",3,IF(E61="suelo",3,IF(E61="hueco",4,IF(E61="techo",2,IF(E61="puerta",2,IF(E61="pared",2,IF(E61="mobiliario",1,IF(E61="señalética",1,IF(E61="arte",1,0))))))))))) -> 1 | G61: Mueble cambiador para explorar al bebé. Armario para material estéril. Báscula. | H61: 0 | I61: 1 | J61: 0 | K61: 0 | L61: Autores CURARQ | M61: 1 | N61: n.a.
A62: =A61+1 -> 35 | C62: Acceso | D62: Consulta | E62: Mobiliario | F62: =IF(E62="Distribución",5,IF(E62="instalación",4,IF(E62="equipamiento",3,IF(E62="suelo",3,IF(E62="hueco",4,IF(E62="techo",2,IF(E62="puerta",2,IF(E62="pared",2,IF(E62="mobiliario",1,IF(E62="señalética",1,IF(E62="arte",1,0))))))))))) -> 1 | G62: Mesa de trabajo, sillas y sillón ergonómico. | L62: Social, M.d.S.y.P., Maternidad Hospitalaria Estándares y Recomendaciones. 2009: Madrid | M62: 1 | N62: n.a.
A63: =A62+1 -> 36 | C63: Acceso | D63: Consulta | E63: Mobiliario | F63: =IF(E63="Distribución",5,IF(E63="instalación",4,IF(E63="equipamiento",3,IF(E63="suelo",3,IF(E63="hueco",4,IF(E63="techo",2,IF(E63="puerta",2,IF(E63="pared",2,IF(E63="mobiliario",1,IF(E63="señalética",1,IF(E63="arte",1,0))))))))))) -> 1 | G63: Dispensador de jabón y de toallas de papel. Papelera con tapa. | H63: 0 | I63: 1 | J63: 0 | K63: 0 | L63: Autores CURARQ | M63: 1 | N63: n.a.
A64: =A63+1 -> 37 | C64: Acceso | D64: Lactancia y alimentación | E64: Distribución | F64: =IF(E64="Distribución",5,IF(E64="instalación",4,IF(E64="equipamiento",3,IF(E64="suelo",3,IF(E64="hueco",4,IF(E64="techo",2,IF(E64="puerta",2,IF(E64="pared",2,IF(E64="mobiliario",1,IF(E64="señalética",1,IF(E64="arte",1,0))))))))))) -> 5 | G64: Espacio para giro de una silla de ruedas de 1,50 m de diámetro, libre de obstáculos desde el nivel del suelo en toda su altura. | H64: 0 | I64: 0 | J64: 1 | K64: 0 | L64: Health, N.E.a.E.A.o.t.D.o., HBN 23 Hospital accommodation for children and young people. 2004. | M64: 1 | N64: sí
A65: =A64+1 -> 38 | C65: Acceso | D65: Lactancia y alimentación | E65: Instalación | F65: =IF(E65="Distribución",5,IF(E65="instalación",4,IF(E65="equipamiento",3,IF(E65="suelo",3,IF(E65="hueco",4,IF(E65="techo",2,IF(E65="puerta",2,IF(E65="pared",2,IF(E65="mobiliario",1,IF(E65="señalética",1,IF(E65="arte",1,0))))))))))) -> 4 | G65: Ventilado mecánicamente. | H65: 0 | I65: 0 | J65: 0 | K65: 1 | L65: Reglamento de instalaciones térmicas en los edificios (RITE), BOE-A-2007-15820, Editor. 2007, Ministerio de la Presidencia. | M65: 1 | N65: sí
A66: =A65+1 -> 39 | C66: Acceso | D66: Lactancia y alimentación | E66: Equipamiento | F66: =IF(E66="Distribución",5,IF(E66="instalación",4,IF(E66="equipamiento",3,IF(E66="suelo",3,IF(E66="hueco",4,IF(E66="techo",2,IF(E66="puerta",2,IF(E66="pared",2,IF(E66="mobiliario",1,IF(E66="señalética",1,IF(E66="arte",1,0))))))))))) -> 3 | G66: Iluminación indirecta graduable. | H66: 0 | I66: 0 | J66: 1 | K66: 0 | L66: Health, N.E.a.E.A.o.t.D.o., HBN 23 Hospital accommodation for children and young people. 2004. | M66: 1 | N66: no | O66: Fluorescentes en el techo con difusores.
A67: =A66+1 -> 40 | C67: Acceso | D67: Lactancia y alimentación | E67: Equipamiento | F67: =IF(E67="Distribución",5,IF(E67="instalación",4,IF(E67="equipamiento",3,IF(E67="suelo",3,IF(E67="hueco",4,IF(E67="techo",2,IF(E67="puerta",2,IF(E67="pared",2,IF(E67="mobiliario",1,IF(E67="señalética",1,IF(E67="arte",1,0))))))))))) -> 3 | G67: (Lavabo. Encimera o mueble donde colocar bolsas o botellas para la preparación de la comida)¹. (Cambiador de pañales)². | H67: 0 | I67: 0 | J67: 1 | K67: 0 | L67: 1. Health, N.E.a.E.A.o.t.D.o., HBN 23 Hospital accommodation for children and young people. 2004 2. Friendly healthcare environments for children and young people. 2004, NHS Estates. | M67: 1 | N67: no | O67: Sin lavabo ni cambiador. El cambiador está en el aseo público.
A68: =A67+1 -> 41 | C68: Acceso | D68: Lactancia y alimentación | E68: Mobiliario | F68: =IF(E68="Distribución",5,IF(E68="instalación",4,IF(E68="equipamiento",3,IF(E68="suelo",3,IF(E68="hueco",4,IF(E68="techo",2,IF(E68="puerta",2,IF(E68="pared",2,IF(E68="mobiliario",1,IF(E68="señalética",1,IF(E68="arte",1,0))))))))))) -> 1 | G68: Dispensador de jabón y de toallas de papel. Papelera y percha. | H68: 0 | I68: 0 | J68: 1 | K68: 0 | L68: Health, N.E.a.E.A.o.t.D.o., HBN 23 Hospital accommodation for children and young people. 2004. | M68: 1 | N68: no | O68: No cumple.
A69: =A68+1 -> 42 | C69: Acceso | D69: Lactancia y alimentación | E69: Mobiliario | F69: =IF(E69="Distribución",5,IF(E69="instalación",4,IF(E69="equipamiento",3,IF(E69="suelo",3,IF(E69="hueco",4,IF(E69="techo",2,IF(E69="puerta",2,IF(E69="pared",2,IF(E69="mobiliario",1,IF(E69="señalética",1,IF(E69="arte",1,0))))))))))) -> 1 | G69: Asiento cómodo. Elementos móviles con motivos artísticos. | H69: 0 | I69: 0 | J69: 1 | K69: 0 | L69: Health, N.E.a.E.A.o.t.D.o., HBN 23 Hospital accommodation for children and young people. 2004. | M69: 1 | N69: sí | O69: Motivos artísticos aunque no se mueven.
A70: =A69+1 -> 43 | C70: Acceso | D70: Lactancia y alimentación | E70: Mobiliario | F70: =IF(E70="Distribución",5,IF(E70="instalación",4,IF(E70="equipamiento",3,IF(E70="suelo",3,IF(E70="hueco",4,IF(E70="techo",2,IF(E70="puerta",2,IF(E70="pared",2,IF(E70="mobiliario",1,IF(E70="señalética",1,IF(E70="arte",1,0))))))))))) -> 1 | G70: Las superficies de los asientos y demás mobiliario se pueden desinfectar con facilidad, se utilizan materiales fáciles de limpiar. | H70: 0 | I70: 0 | J70: 0 | K70: 1 | L70: Unidades de neonatología, in Estándares y recomendaciones de calidad, e.e.i. Informes, Editor. 2014, Ministerio de Sanidad, Servicios Sociales e Igualdad. | M70: 1 | N70: sí
A71: 1 | C71: Familiares | D71: Zona de recepción de familiares | E71: Distribución | F71: =IF(E71="Distribución",5,IF(E71="instalación",4,IF(E71="equipamiento",3,IF(E71="suelo",3,IF(E71="hueco",4,IF(E71="techo",2,IF(E71="puerta",2,IF(E71="pared",2,IF(E71="mobiliario",1,IF(E71="señalética",1,IF(E71="arte",1,0))))))))))) -> 5 | G71: Recepción en el área de padres. El puesto de recepción tiene capacidad para una persona. | H71: 0 | I71: 1 | J71: 0 | K71: 0 | L71: Unidades de neonatología, in Estándares y recomendaciones de calidad, e.e.i. Informes, Editor. 2014, Ministerio de Sanidad, Servicios Sociales e Igualdad. | M71: 1 | N71: n.a. | O71: Por la cartera de servicios del hospital.
A72: =A71+1 -> 2 | C72: Familiares | D72: Despacho información | E72: Distribución | F72: =IF(E72="Distribución",5,IF(E72="instalación",4,IF(E72="equipamiento",3,IF(E72="suelo",3,IF(E72="hueco",4,IF(E72="techo",2,IF(E72="puerta",2,IF(E72="pared",2,IF(E72="mobiliario",1,IF(E72="señalética",1,IF(E72="arte",1,0))))))))))) -> 5 | G72: Superficie útil en torno a 12 m². | H72: 0 | I72: 1 | J72: 1 | K72: 0 | L72: Unidad de enfermería en hospitalización polivalente de agudos, in Estándares y recomendaciones, e.e.i. Informes, Editor. 2009, Ministerio de Sanidad y Política Social. | M72: 1 | N72: n.a. | O72: Por la cartera de servicios del hospital.
A73: =A72+1 -> 3 | C73: Familiares | D73: Despacho información | E73: Distribución | F73: =IF(E73="Distribución",5,IF(E73="instalación",4,IF(E73="equipamiento",3,IF(E73="suelo",3,IF(E73="hueco",4,IF(E73="techo",2,IF(E73="puerta",2,IF(E73="pared",2,IF(E73="mobiliario",1,IF(E73="señalética",1,IF(E73="arte",1,0))))))))))) -> 5 | G73: Condiciones de privacidad adecuada. Ambiente cálido y residencial. | H73: 0 | I73: 0 | J73: 1 | K73: 0 | L73: Unidad de enfermería en hospitalización polivalente de agudos, in Estándares y recomendaciones, e.e.i. Informes, Editor. 2009, Ministerio de Sanidad y Política Social. | M73: 1 | N73: n.a.
A74: =A73+1 -> 4 | C74: Familiares | D74: Despacho información | E74: Instalación | F74: =IF(E74="Distribución",5,IF(E74="instalación",4,IF(E74="equipamiento",3,IF(E74="suelo",3,IF(E74="hueco",4,IF(E74="techo",2,IF(E74="puerta",2,IF(E74="pared",2,IF(E74="mobiliario",1,IF(E74="señalética",1,IF(E74="arte",1,0))))))))))) -> 4 | G74: Ventilado mecánicamente. | H74: 0 | I74: 0 | J74: 0 | K74: 1 | L74: Reglamento de instalaciones térmicas en los edificios (RITE), BOE-A-2007-15820, Editor. 2007, Ministerio de la Presidencia. | M74: 1 | N74: n.a.
A75: =A74+1 -> 5 | C75: Familiares | D75: Despacho información | E75: Equipamiento | F75: =IF(E75="Distribución",5,IF(E75="instalación",4,IF(E75="equipamiento",3,IF(E75="suelo",3,IF(E75="hueco",4,IF(E75="techo",2,IF(E75="puerta",2,IF(E75="pared",2,IF(E75="mobiliario",1,IF(E75="señalética",1,IF(E75="arte",1,0))))))))))) -> 3 | G75: Conexiones eléctricas, de transmisiones y comunicaciones. | H75: 0 | I75: 1 | J75: 0 | K75: 0 | L75: Autores CURARQ | M75: 1 | N75: n.a.
A76: =A75+1 -> 6 | C76: Familiares | D76: Despacho información | E76: Mobiliario | F76: =IF(E76="Distribución",5,IF(E76="instalación",4,IF(E76="equipamiento",3,IF(E76="suelo",3,IF(E76="hueco",4,IF(E76="techo",2,IF(E76="puerta",2,IF(E76="pared",2,IF(E76="mobiliario",1,IF(E76="señalética",1,IF(E76="arte",1,0))))))))))) -> 1 | G76: Mesa de trabajo, sillas y sillón ergonómico. | H76: 0 | I76: 1 | J76: 0 | K76: 0 | L76: Unidad de enfermería en hospitalización polivalente de agudos, in Estándares y recomendaciones, e.e.i. Informes, Editor. 2009, Ministerio de Sanidad y Política Social. | M76: 1 | N76: n.a.
A77: =A76+1 -> 7 | C77: Familiares | D77: Estar y refrigerio | E77: Distribución | F77: =IF(E77="Distribución",5,IF(E77="instalación",4,IF(E77="equipamiento",3,IF(E77="suelo",3,IF(E77="hueco",4,IF(E77="techo",2,IF(E77="puerta",2,IF(E77="pared",2,IF(E77="mobiliario",1,IF(E77="señalética",1,IF(E77="arte",1,0))))))))))) -> 5 | G77: Una plaza de 2m² por cada 3 cunas o incubadoras. Espacio para comer. | H77: 0 | I77: 0 | J77: 1 | K77: 0 | L77: Unidades de neonatología, in Estándares y recomendaciones de calidad, e.e.i. Informes, Editor. 2014, Ministerio de Sanidad, Servicios Sociales e Igualdad. | M77: 1 | N77: n.a. | O77: Por la cartera de servicios del hospital.
A78: =A77+1 -> 8 | C78: Familiares | D78: Estar y refrigerio | E78: Distribución | F78: =IF(E78="Distribución",5,IF(E78="instalación",4,IF(E78="equipamiento",3,IF(E78="suelo",3,IF(E78="hueco",4,IF(E78="techo",2,IF(E78="puerta",2,IF(E78="pared",2,IF(E78="mobiliario",1,IF(E78="señalética",1,IF(E78="arte",1,0))))))))))) -> 5 | G78: Próximo a la zona de atención clínica. | H78: 1 | I78: 0 | J78: 1 | K78: 0 | L78: Unidades de neonatología, in Estándares y recomendaciones de calidad, e.e.i. Informes, Editor. 2014, Ministerio de Sanidad, Servicios Sociales e Igualdad. | M78: 1 | N78: n.a.
A79: =A78+1 -> 9 | C79: Familiares | D79: Estar y refrigerio | E79: Hueco | F79: =IF(E79="Distribución",5,IF(E79="instalación",4,IF(E79="equipamiento",3,IF(E79="suelo",3,IF(E79="hueco",4,IF(E79="techo",2,IF(E79="puerta",2,IF(E79="pared",2,IF(E79="mobiliario",1,IF(E79="señalética",1,IF(E79="arte",1,0))))))))))) -> 4 | G79: Iluminación natural. | H79: 0 | I79: 0 | J79: 1 | K79: 0 | L79: Unidades de neonatología, in Estándares y recomendaciones de calidad, e.e.i. Informes, Editor. 2014, Ministerio de Sanidad, Servicios Sociales e Igualdad. | M79: 1 | N79: n.a.
A80: =A79+1 -> 10 | C80: Familiares | D80: Estar y refrigerio | E80: Hueco | F80: =IF(E80="Distribución",5,IF(E80="instalación",4,IF(E80="equipamiento",3,IF(E80="suelo",3,IF(E80="hueco",4,IF(E80="techo",2,IF(E80="puerta",2,IF(E80="pared",2,IF(E80="mobiliario",1,IF(E80="señalética",1,IF(E80="arte",1,0))))))))))) -> 4 | G80: Vistas a la naturaleza. | H80: 0 | I80: 0 | J80: 1 | K80: 0 | L80: Advanced, C.C.o.R.D.S.f. and N. Care, Recommended Standards for Newborn ICU Design. 2007: p. 40 | M80: 1 | N80: n.a.
A81: =A80+1 -> 11 | C81: Familiares | D81: Estar y refrigerio | E81: Instalación | F81: =IF(E81="Distribución",5,IF(E81="instalación",4,IF(E81="equipamiento",3,IF(E81="suelo",3,IF(E81="hueco",4,IF(E81="techo",2,IF(E81="puerta",2,IF(E81="pared",2,IF(E81="mobiliario",1,IF(E81="señalética",1,IF(E81="arte",1,0))))))))))) -> 4 | G81: Ventilado mecánicamente. | H81: 0 | I81: 0 | J81: 0 | K81: 1 | L81: Reglamento de instalaciones térmicas en los edificios (RITE), BOE-A-2007-15820, Editor. 2007, Ministerio de la Presidencia. | M81: 1 | N81: n.a.
A82: =A81+1 -> 12 | C82: Familiares | D82: Estar y refrigerio | E82: Instalación | F82: =IF(E82="Distribución",5,IF(E82="instalación",4,IF(E82="equipamiento",3,IF(E82="suelo",3,IF(E82="hueco",4,IF(E82="techo",2,IF(E82="puerta",2,IF(E82="pared",2,IF(E82="mobiliario",1,IF(E82="señalética",1,IF(E82="arte",1,0))))))))))) -> 4 | G82: Tomas eléctricas y wifi. | H82: 0 | I82: 0 | J82: 1 | K82: 0 | L82: Unidades de neonatología, in Estándares y recomendaciones de calidad, e.e.i. Informes, Editor. 2014, Ministerio de Sanidad, Servicios Sociales e Igualdad. | M82: 1 | N82: n.a.
A83: =A82+1 -> 13 | C83: Familiares | D83: Estar y refrigerio | E83: Equipamiento | F83: =IF(E83="Distribución",5,IF(E83="instalación",4,IF(E83="equipamiento",3,IF(E83="suelo",3,IF(E83="hueco",4,IF(E83="techo",2,IF(E83="puerta",2,IF(E83="pared",2,IF(E83="mobiliario",1,IF(E83="señalética",1,IF(E83="arte",1,0))))))))))) -> 3 | G83: (Fuente de agua fría y máquinas expendedoras de bebidas)¹ (y comida saludable)². | H83: 0 | I83: 0 | J83: 1 | K83: 0 | L83: 1. Unidades de neonatología, in Estándares y recomendaciones de calidad, e.e.i. Informes, Editor. 2014, Ministerio de Sanidad, Servicios Sociales e Igualdad. 2. Autores CURARQ | M83: 1 | N83: n.a.
A84: =A83+1 -> 14 | C84: Familiares | D84: Estar y refrigerio | E84: Equipamiento | F84: =IF(E84="Distribución",5,IF(E84="instalación",4,IF(E84="equipamiento",3,IF(E84="suelo",3,IF(E84="hueco",4,IF(E84="techo",2,IF(E84="puerta",2,IF(E84="pared",2,IF(E84="mobiliario",1,IF(E84="señalética",1,IF(E84="arte",1,0))))))))))) -> 3 | G84: Pequeños electrodomésticos y almacenamiento de vajilla. | H84: 0 | I84: 0 | J84: 1 | K84: 0 | L84: Unidades de neonatología, in Estándares y recomendaciones de calidad, e.e.i. Informes, Editor. 2014, Ministerio de Sanidad, Servicios Sociales e Igualdad. | M84: 1 | N84: n.a.
A85: =A84+1 -> 15 | C85: Familiares | D85: Estar y refrigerio | E85: Mobiliario | F85: =IF(E85="Distribución",5,IF(E85="instalación",4,IF(E85="equipamiento",3,IF(E85="suelo",3,IF(E85="hueco",4,IF(E85="techo",2,IF(E85="puerta",2,IF(E85="pared",2,IF(E85="mobiliario",1,IF(E85="señalética",1,IF(E85="arte",1,0))))))))))) -> 1 | G85: (Sillas sin ruedas)¹. (Los asientos se encuentran en buen estado, sin marcas, ralladuras u otros desperfectos)². (Los usuarios con sillas de ruedas se pueden integrar en la distribución de los asientos de la sala)³. (Mesas de estar, papelera y arte)¹. | H85: 0 | I85: 0 | J85: 1 | K85: 1 | L85: 1. Unidad de enfermería en hospitalización polivalente de agudos, in Estándares y recomendaciones, e.e.i. Informes, Editor. 2009, Ministerio de Sanidad y Política Social 2. Patient-Led Assessments of the Care Environment. The Ward Assessment - Acute and Community Hospitals, Hospices and Treatment Centres. 2015, NHS England 3. Lewis, A., EVOLVE: a tool for evaluating the design of older people´s housing. Housing, Care and Support, 2010. | M85: 1 | N85: n.a.
A86: =A85+1 -> 16 | C86: Familiares | D86: Espacio para hermanos/as | E86: Distribución | F86: =IF(E86="Distribución",5,IF(E86="instalación",4,IF(E86="equipamiento",3,IF(E86="suelo",3,IF(E86="hueco",4,IF(E86="techo",2,IF(E86="puerta",2,IF(E86="pared",2,IF(E86="mobiliario",1,IF(E86="señalética",1,IF(E86="arte",1,0))))))))))) -> 5 | G86: Permite que los hermanos y hermanas permanezcan entretenidos (con juegos y libros) y tranquilos sin alterar la visita de los familiares. | H86: 0 | I86: 0 | J86: 1 | K86: 0 | L86: Unidades de neonatología, in Estándares y recomendaciones de calidad, e.e.i. Informes, Editor. 2014, Ministerio de Sanidad, Servicios Sociales e Igualdad. | M86: 1 | N86: n.a. | O86: Por la cartera de servicios del hospital.
A87: =A86+1 -> 17 | C87: Familiares | D87: Espacio para hermanos/as | E87: Distribución | F87: =IF(E87="Distribución",5,IF(E87="instalación",4,IF(E87="equipamiento",3,IF(E87="suelo",3,IF(E87="hueco",4,IF(E87="techo",2,IF(E87="puerta",2,IF(E87="pared",2,IF(E87="mobiliario",1,IF(E87="señalética",1,IF(E87="arte",1,0))))))))))) -> 5 | G87: Los familiares pueden tener contacto visual con el espacio de juegos. | H87: 0 | I87: 0 | J87: 1 | K87: 0 | L87: Unidades de neonatología, in Estándares y recomendaciones de calidad, e.e.i. Informes, Editor. 2014, Ministerio de Sanidad, Servicios Sociales e Igualdad. | M87: 1 | N87: n.a.
A88: =A87+1 -> 18 | C88: Familiares | D88: Espacio para hermanos/as | E88: Distribución | F88: =IF(E88="Distribución",5,IF(E88="instalación",4,IF(E88="equipamiento",3,IF(E88="suelo",3,IF(E88="hueco",4,IF(E88="techo",2,IF(E88="puerta",2,IF(E88="pared",2,IF(E88="mobiliario",1,IF(E88="señalética",1,IF(E88="arte",1,0))))))))))) -> 5 | G88: Acceso a una zona de juego exterior. | H88: 0 | I88: 0 | J88: 1 | K88: 0 | L88: Health Building note 09-03: Neonatal units, in 8720:0.6:England. 2013, Department of Health. | M88: 1 | N88: n.a.
A89: =A88+1 -> 19 | C89: Familiares | D89: Aseo familiares | E89: Distribución | F89: =IF(E89="Distribución",5,IF(E89="instalación",4,IF(E89="equipamiento",3,IF(E89="suelo",3,IF(E89="hueco",4,IF(E89="techo",2,IF(E89="puerta",2,IF(E89="pared",2,IF(E89="mobiliario",1,IF(E89="señalética",1,IF(E89="arte",1,0))))))))))) -> 5 | G89: (Superficie útil en torno a 4 m² por aseo)¹. (Exclusivos para cada sexo)². (Mínimo de dos)¹. | H89: 0 | I89: 0 | J89: 1 | K89: 0 | L89: 1. Unidad de enfermería en hospitalización polivalente de agudos, in Estándares y recomendaciones, e.e.i. Informes, Editor. 2009, Ministerio de Sanidad y Política Social. 2. Patient-Led Assessments of the Care Environment. The Ward Assessment - Acute and Community Hospitals, Hospices and Treatment Centres. 2015, NHS England. | M89: 1 | N89: n.a. | O89: Por la cartera de servicios del hospital.
A90: =A89+1 -> 20 | C90: Familiares | D90: Aseo familiares | E90: Instalación | F90: =IF(E90="Distribución",5,IF(E90="instalación",4,IF(E90="equipamiento",3,IF(E90="suelo",3,IF(E90="hueco",4,IF(E90="techo",2,IF(E90="puerta",2,IF(E90="pared",2,IF(E90="mobiliario",1,IF(E90="señalética",1,IF(E90="arte",1,0))))))))))) -> 4 | G90: Ventilado mecánicamente. | H90: 0 | I90: 0 | J90: 0 | K90: 1 | L90: Reglamento de instalaciones térmicas en los edificios (RITE), BOE-A-2007-15820, Editor. 2007, Ministerio de la Presidencia. | M90: 1 | N90: n.a.
A91: =A90+1 -> 21 | C91: Familiares | D91: Aseo familiares | E91: Equipamiento | F91: =IF(E91="Distribución",5,IF(E91="instalación",4,IF(E91="equipamiento",3,IF(E91="suelo",3,IF(E91="hueco",4,IF(E91="techo",2,IF(E91="puerta",2,IF(E91="pared",2,IF(E91="mobiliario",1,IF(E91="señalética",1,IF(E91="arte",1,0))))))))))) -> 3 | G91: (Lavabo e inodoro)¹ (en buen estado de conservación)². | H91: 0 | I91: 0 | J91: 1 | K91: 1 | L91: 1. Unidad de enfermería en hospitalización polivalente de agudos, in Estándares y recomendaciones, e.e.i. Informes, Editor. 2009, Ministerio de Sanidad y Política Social. 2. Patient-Led Assessments of the Care Environment. The Ward Assessment - Acute and Community Hospitals, Hospices and Treatment Centres. 2015, NHS England. | M91: 1 | N91: n.a.
A92: =A91+1 -> 22 | C92: Familiares | D92: Aseo familiares | E92: Equipamiento | F92: =IF(E92="Distribución",5,IF(E92="instalación",4,IF(E92="equipamiento",3,IF(E92="suelo",3,IF(E92="hueco",4,IF(E92="techo",2,IF(E92="puerta",2,IF(E92="pared",2,IF(E92="mobiliario",1,IF(E92="señalética",1,IF(E92="arte",1,0))))))))))) -> 3 | G92: Ducha. | H92: 0 | I92: 0 | J92: 1 | K92: 1 | L92: Unidades de neonatología, in Estándares y recomendaciones de calidad, e.e.i. Informes, Editor. 2014, Ministerio de Sanidad, Servicios Sociales e Igualdad. | M92: 1 | N92: n.a.
A93: =A92+1 -> 23 | C93: Familiares | D93: Aseo familiares | E93: Puerta | F93: =IF(E93="Distribución",5,IF(E93="instalación",4,IF(E93="equipamiento",3,IF(E93="suelo",3,IF(E93="hueco",4,IF(E93="techo",2,IF(E93="puerta",2,IF(E93="pared",2,IF(E93="mobiliario",1,IF(E93="señalética",1,IF(E93="arte",1,0))))))))))) -> 2 | G93: Los sistemas de cierre funcionan correctamente. | H93: 0 | I93: 0 | J93: 0 | K93: 1 | L93: Patient-Led Assessments of the Care Environment. The Ward Assessment - Acute and Community Hospitals, Hospices and Treatment Centres. 2015, NHS England. | M93: 1 | N93: n.a.
A94: =A93+1 -> 24 | C94: Familiares | D94: Aseo familiares | E94: Mobiliario | F94: =IF(E94="Distribución",5,IF(E94="instalación",4,IF(E94="equipamiento",3,IF(E94="suelo",3,IF(E94="hueco",4,IF(E94="techo",2,IF(E94="puerta",2,IF(E94="pared",2,IF(E94="mobiliario",1,IF(E94="señalética",1,IF(E94="arte",1,0))))))))))) -> 1 | G94: Dispensador de jabón, de papel higiénico y de toallas de papel. Escobilla y papelera preferiblemente con tapa. Espejo y percha. | H94: 0 | I94: 0 | J94: 1 | K94: 0 | L94: Unidad de enfermería en hospitalización polivalente de agudos, in Estándares y recomendaciones, e.e.i. Informes, Editor. 2009, Ministerio de Sanidad y Política Social. | M94: 1 | N94: n.a.
A95: =A94+1 -> 25 | C95: Familiares | D95: Habitación familiares | E95: Distribución | F95: =IF(E95="Distribución",5,IF(E95="instalación",4,IF(E95="equipamiento",3,IF(E95="suelo",3,IF(E95="hueco",4,IF(E95="techo",2,IF(E95="puerta",2,IF(E95="pared",2,IF(E95="mobiliario",1,IF(E95="señalética",1,IF(E95="arte",1,0))))))))))) -> 5 | G95: Se ha valorado la disponibilidad de residencia de los padres según las características de la unidad (nivel de estancia ambulante, semi-ambulante o interno) e ubicación en el ámbito territorial. | H95: 0 | I95: 0 | J95: 1 | K95: 0 | L95: Unidades de neonatología, in Estándares y recomendaciones de calidad, e.e.i. Informes, Editor. 2014, Ministerio de Sanidad, Servicios Sociales e Igualdad. | M95: 1 | N95: n.a. | O95: Por la cartera de servicios del hospital.
A96: =A95+1 -> 26 | C96: Familiares | D96: Habitación familiares | E96: Distribución | F96: =IF(E96="Distribución",5,IF(E96="instalación",4,IF(E96="equipamiento",3,IF(E96="suelo",3,IF(E96="hueco",4,IF(E96="techo",2,IF(E96="puerta",2,IF(E96="pared",2,IF(E96="mobiliario",1,IF(E96="señalética",1,IF(E96="arte",1,0))))))))))) -> 5 | G96: Mínimo de dos dormitorios. Superficie útil mínima de 16m². | H96: 0 | I96: 0 | J96: 1 | K96: 0 | L96: Unidades de neonatología, in Estándares y recomendaciones de calidad, e.e.i. Informes, Editor. 2014, Ministerio de Sanidad, Servicios Sociales e Igualdad. | M96: 1 | N96: n.a.
A97: =A96+1 -> 27 | C97: Familiares | D97: Habitación familiares | E97: Distribución | F97: =IF(E97="Distribución",5,IF(E97="instalación",4,IF(E97="equipamiento",3,IF(E97="suelo",3,IF(E97="hueco",4,IF(E97="techo",2,IF(E97="puerta",2,IF(E97="pared",2,IF(E97="mobiliario",1,IF(E97="señalética",1,IF(E97="arte",1,0))))))))))) -> 5 | G97: Fácil acceso a la unidad de cuidados intensivos. Ubicado en zona próxima al neonato. Se puede acceder sin tener que pasar por la sala de neonatología ni la zona de vistas. | H97: 0 | I97: 0 | J97: 1 | K97: 0 | L97: Health Building note 09-03: Neonatal units, in 8720:0.6:England. 2013, Department of Health. | M97: 1 | N97: n.a.
A98: =A97+1 -> 28 | C98: Familiares | D98: Habitación familiares | E98: Instalación | F98: =IF(E98="Distribución",5,IF(E98="instalación",4,IF(E98="equipamiento",3,IF(E98="suelo",3,IF(E98="hueco",4,IF(E98="techo",2,IF(E98="puerta",2,IF(E98="pared",2,IF(E98="mobiliario",1,IF(E98="señalética",1,IF(E98="arte",1,0))))))))))) -> 4 | G98: (Toma para la televisión, mínimo de 4 tomas eléctricas para dispositivos electrónicos)¹. (Tomas de oxígeno y vacío)². | H98: 1 | I98: 0 | J98: 1 | K98: 0 | L98: 1. Unidades de neonatología, in Estándares y recomendaciones de calidad, e.e.i. Informes, Editor. 2014, Ministerio de Sanidad, Servicios Sociales e Igualdad. 2. Health Building note 09-03: Neonatal units, in 8720:0.6:England. 2013, Department of Health. | M98: 1 | N98: n.a.
A99: =A98+1 -> 29 | C99: Familiares | D99: Habitación familiares | E99: Instalación | F99: =IF(E99="Distribución",5,IF(E99="instalación",4,IF(E99="equipamiento",3,IF(E99="suelo",3,IF(E99="hueco",4,IF(E99="techo",2,IF(E99="puerta",2,IF(E99="pared",2,IF(E99="mobiliario",1,IF(E99="señalética",1,IF(E99="arte",1,0))))))))))) -> 4 | G99: Aseo con ducha (incluido en la superficie útil mínima de 16m²) . | H99: 0 | I99: 0 | J99: 1 | K99: 0 | L99: Unidades de neonatología, in Estándares y recomendaciones de calidad, e.e.i. Informes, Editor. 2014, Ministerio de Sanidad, Servicios Sociales e Igualdad. | M99: 1 | N99: n.a.
A100: =A99+1 -> 30 | C100: Familiares | D100: Habitación familiares | E100: Equipamiento | F100: =IF(E100="Distribución",5,IF(E100="instalación",4,IF(E100="equipamiento",3,IF(E100="suelo",3,IF(E100="hueco",4,IF(E100="techo",2,IF(E100="puerta",2,IF(E100="pared",2,IF(E100="mobiliario",1,IF(E100="señalética",1,IF(E100="arte",1,0))))))))))) -> 3 | G100: Silla confortable y reclinable. Cama. Espacio para la cuna. Pequeño escritorio para ordenador y otros dispositivos electrónicos. Armario para enseres personales. Superficie de trabajo para el personal. Almacenamiento de suministros para el personal. | H100: 0 | I100: 0 | J100: 1 | K100: 0 | L100: Unidades de neonatología, in Estándares y recomendaciones de calidad, e.e.i. Informes, Editor. 2014, Ministerio de Sanidad, Servicios Sociales e Igualdad. | M100: 1 | N100: n.a.
...

Sheet PF 
C3: Zona | D3: Local | E3: Nº indicadores
C4: Configuración unidad | E4: =COUNTIF(Requisitos!C2:C14,C4) -> 13
F5: =E4 -> 13
A6: 1 | C6: Circulación | D6: Pasillo | E6: =COUNTIF(Requisitos!D15:D27,D6) -> 13
F7: =E6 -> 13
A8: =A6+1 -> 2 | C8: Acceso | D8: Entrada y vestíbulo | E8: =COUNTIF(Requisitos!$D$28:$D$70,D8) -> 4
A9: =A8+1 -> 3 | D9: Recepción | E9: =COUNTIF(Requisitos!$D$28:$D$70,D9) -> 2
A10: =A9+1 -> 4 | D10: Estar de familiares | E10: =COUNTIF(Requisitos!$D$28:$D$70,D10) -> 8
A11: =A10+1 -> 5 | D11: Vestuario familiares | E11: =COUNTIF(Requisitos!$D$28:$D$70,D11) -> 3
A12: =A11+1 -> 6 | D12: Aseo público | E12: =COUNTIF(Requisitos!$D$28:$D$70,D12) -> 7
A13: =A12+1 -> 7 | D13: Despacho información | E13: =COUNTIF(Requisitos!$D$28:$D$70,D13) -> 5
A14: =A13+1 -> 8 | D14: Consulta | E14: =COUNTIF(Requisitos!$D$28:$D$70,D14) -> 7
A15: =A14+1 -> 9 | D15: Lactancia y alimentación | E15: =COUNTIF(Requisitos!$D$28:$D$70,D15) -> 7
F16: =SUM(E8:E15) -> 43
A17: =A15+1 -> 10 | C17: Familiares | D17: Zona de recepción de familiares | E17: =COUNTIF(Requisitos!$D$71:$D$103,'PF '!D17) -> 1
A18: =A17+1 -> 11 | D18: Despacho información | E18: =COUNTIF(Requisitos!$D$71:$D$103,'PF '!D18) -> 5
A19: =A18+1 -> 12 | D19: Estar y refrigerio | E19: =COUNTIF(Requisitos!$D$71:$D$103,'PF '!D19) -> 9
A20: =A19+1 -> 13 | D20: Espacio para hermanos/as | E20: =COUNTIF(Requisitos!$D$71:$D$103,'PF '!D20) -> 3
A21: =A20+1 -> 14 | D21: Aseo familiares | E21: =COUNTIF(Requisitos!$D$71:$D$103,'PF '!D21) -> 6
A22: =A21+1 -> 15 | D22: Habitación familiares | E22: =COUNTIF(Requisitos!$D$71:$D$103,'PF '!D22) -> 6
A23: =A22+1 -> 16 | D23: Sala de duelo | E23: =COUNTIF(Requisitos!$D$71:$D$103,'PF '!D23) -> 3
F24: =SUM(E17:E23) -> 33
A25: =A23+1 -> 17 | C25: Clínica | D25: Control enfermería | E25: =COUNTIF(Requisitos!D104:D247,D25) -> 8
A26: =A25+1 -> 18 | D26: Oficio limpio | E26: =COUNTIF(Requisitos!$D$107:$D$247,D26) -> 10
A27: =A26+1 -> 19 | D27: Box individual de cuidados intensivos | E27: =COUNTIF(Requisitos!$D$107:$D$247,D27) -> 10
A28: =A27+1 -> 20 | D28: Sala múltiple de cuidados intensivos | E28: =COUNTIF(Requisitos!$D$107:$D$247,D28) -> 35
A29: =A28+1 -> 21 | D29: Sala múltiple de cuidados intermedios | E29: =COUNTIF(Requisitos!$D$107:$D$247,D29) -> 33
A30: =A29+1 -> 22 | D30: Sala múltiple de cuidados básicos | E30: =COUNTIF(Requisitos!$D$107:$D$247,D30) -> 28
A31: =A30+1 -> 23 | D31: Sala de tratamientos | E31: =COUNTIF(Requisitos!$D$107:$D$247,D31) -> 5
A32: =A31+1 -> 24 | D32: Sala de transferencia del neonato | E32: =COUNTIF(Requisitos!$D$107:$D$247,D32) -> 5
A33: =A32+1 -> 25 | D33: Sala de extracción de leche materna | E33: =COUNTIF(Requisitos!$D$107:$D$247,D33) -> 6
A34: =A33+1 -> 26 | D34: Preparación de biberones y cocina dietética | E34: =COUNTIF(Requisitos!$D$107:$D$247,D34) -> 4
F35: =SUM(E25:E34) -> 144
A36: =A34+1 -> 27 | C36: Personal | D36: Despacho supervisión enfermería | E36: =COUNTIF(Requisitos!$D$248:$D$283,D36) -> 4
A37: =A36+1 -> 28 | D37: Despacho supervisión médico | E37: =COUNTIF(Requisitos!$D$248:$D$283,D37) -> 4
A38: =A37+1 -> 29 | D38: Sala de trabajo médico | E38: =COUNTIF(Requisitos!$D$248:$D$283,D38) -> 4
A39: =A38+1 -> 30 | D39: Sala polivalente | E39: =COUNTIF(Requisitos!$D$248:$D$283,D39) -> 3
A40: =A39+1 -> 31 | D40: Estar de personal | E40: =COUNTIF(Requisitos!$D$248:$D$283,D40) -> 7
A41: =A40+1 -> 32 | D41: Aseo de personal | E41: =COUNTIF(Requisitos!$D$248:$D$283,D41) -> 5
A42: =A41+1 -> 33 | D42: Vestuario | E42: =COUNTIF(Requisitos!$D$248:$D$283,D42) -> 3
A43: =A42+1 -> 34 | D43: Dormitorio médico/a de guardia | E43: =COUNTIF(Requisitos!$D$248:$D$283,D43) -> 6
F44: =SUM(E36:E43) -> 36
A45: =A43+1 -> 35 | C45: Apoyos | D45: Vestíbulo interno | E45: =COUNTIF(Requisitos!$D$284:$D$308,D45) -> 2
A46: =A45+1 -> 36 | D46: Oficio sucio | E46: =COUNTIF(Requisitos!$D$284:$D$308,D46) -> 6
A47: =A46+1 -> 37 | D47: Oficio de limpieza | E47: =COUNTIF(Requisitos!$D$284:$D$308,D47) -> 4
A48: =A47+1 -> 38 | D48: Recogida ropa sucia | E48: =COUNTIF(Requisitos!$D$284:$D$308,D48) -> 2
A49: =A48+1 -> 39 | D49: Almacén de lencería | E49: =COUNTIF(Requisitos!$D$284:$D$308,D49) -> 3
A50: =A49+1 -> 40 | D50: Almacén de material | E50: =COUNTIF(Requisitos!$D$284:$D$308,D50) -> 4
A51: =A50+1 -> 41 | D51: Almacén de equipos | E51: =COUNTIF(Requisitos!$D$284:$D$308,D51) -> 3
A52: =A51+1 -> 42 | D52: Local de instalaciones | E52: =COUNTIF(Requisitos!$D$284:$D$308,D52) -> 1
F53: =SUM(E45:E52) -> 25
F54: =SUM(F4:F53) -> 307
